 Dungeon Crawl Stone Soup version 0.17.1-1-g73c8601 (webtiles) character file.

57 DeXoteric the Poker (level 4, -5/33 HPs)
             Began as a Merfolk Skald on Jan 3, 2016.
             Killed by nerve-wracking pain
             ... invoked by an orc priest
              (8 damage)
             ... on level 3 of the Dungeon.
             The game lasted 00:03:49 (1673 turns).

DeXoteric the Poker (Merfolk Skald)                 Turns: 1673, Time: 00:03:49

Health: -5/33      AC:  4    Str: 12    XL:     4   Next: 0%
Magic:  7/7        EV: 11    Int: 11    God:
Gold:   114        SH:  0    Dex: 14    Spells: 2 memorised, 3 levels left

rFire  . . .     SeeInvis .     a - +0 spear
rCold  . . .     Clarity  .     b - +0 leather armour
rNeg   . . .     SustAt   .     (no shield)
rPois  .         Gourm    +     t - +0 helmet
rElec  .         Spirit   .     (no cloak)
rCorr  .         Warding  .     (no gloves)
rMut   .         Stasis   .     (no boots)
MR     .....                    i - amulet of the gourmand
Stlth  +.........               (no ring)
                                (no ring)

@: not resistant to hostile enchantments, very unstealthy
A: change form in water, swift swim
a: no special abilities


You were on level 3 of the Dungeon.
You were completely stuffed.

You visited 1 branch of the dungeon, and saw 3 of its levels.

You collected 114 gold pieces.

Inventory:

Hand Weapons
 a - a +0 spear (weapon)
Armour
 b - a +0 leather armour (worn)
 t - a +0 helmet (worn)
Jewellery
 i - an amulet of the gourmand (around neck)
Scrolls
 m - a scroll of enchant armour {unknown}
 n - 3 scrolls of identify {unknown}
 p - a scroll of remove curse
 r - a scroll of random uselessness {unknown}
 s - a scroll of immolation {unknown}
Potions
 e - a potion of heal wounds {unknown}
 f - 2 potions of curing {unknown}
 h - a potion of lignification {unknown}
 j - a potion of flight {unknown}
 k - a potion of poison {unknown}
 l - a potion of beneficial mutation {unknown}
 o - a potion of cancellation {unknown}
 q - a potion of might
Books
 c - a book of Battle

   Spells                             Type                      Level
   a - Infusion                       Charms                       1
   b - Shroud of Golubria             Charms/Translocation         2
   c - Song of Slaying                Charms                       2
   d - Spectral Weapon                Hexes/Charms                 3
   e - Regeneration                   Charms/Necromancy            3
Comestibles
 d - a bread ration
 g - a chunk of flesh


   Skills:
 - Level 2.1 Fighting
 + Level 4.5 Polearms
 - Level 0.6 Armour
 - Level 1.3 Dodging
 - Level 2.4 Spellcasting
 + Level 0.4 Hexes
 + Level 4.0 Charms


You had 3 spell levels left.
You knew the following spells:

 Your Spells              Type           Power        Failure   Level  Hunger
a - Infusion              Chrm           ##....       10%         1    ##.....
b - Spectral Weapon       Hex/Chrm       #.......     50%         3    ####...


Dungeon Overview and Level Annotations

Branches:
Dungeon (3/15)

Altars:


Message History

The kobold hits you but does no damage.
You take 2 damage, and have 14/33 hp.
You completely miss the orc priest. The orc priest hits you.
* * * LOW HITPOINT WARNING * * *
The kobold hits you with a short sword.
* * * LOW HITPOINT WARNING * * *
You take 7 damage, and have 7/33 hp.
MASSIVE DAMAGE!!
You hit the orc priest but do no damage.
The orc priest looks braver for a moment.
The kobold hits you with a short sword.
* * * LOW HITPOINT WARNING * * *
You take 2 damage, and have 5/33 hp.
You hit the orc priest. The orc priest closely misses you.
The kobold hits you with a short sword.
* * * LOW HITPOINT WARNING * * *
You take 2 damage, and have 3/33 hp.
You hit the orc priest.
The orc priest mumbles some strange prayers to Beogh against you.
Pain shoots through your body!
You die...

> .. .#. .#. ..
###.
...###+###.
.#####).o......
......Km#
.######.# ###


You could see an orc priest and a kobold.

Vanquished Creatures
  2 oozes
  A giant gecko (D:1)
  2 orcs (D:3)
  9 bats
  A giant cockroach (D:1)
  6 goblins
  4 hobgoblins
  4 jackals (D:1)
  A quokka (D:2)
  2 giant newts (D:2)
  7 kobolds
  5 rats
44 creatures vanquished.

Notes
Turn   | Place    | Note
--------------------------------------------------------------
     0 | D:1      | DeXoteric the Merfolk Skald began the quest for the Orb.
     0 | D:1      | Reached XP level 1. HP: 16/16 MP: 3/3
   138 | D:1      | Reached XP level 2. HP: 12/22 MP: 5/5
   714 | D:1      | Reached skill level 4 in Polearms
   714 | D:1      | Reached XP level 3. HP: 18/27 MP: 6/6
   914 | D:1      | Learned a level 3 spell: Spectral Weapon
  1663 | D:3      | Reached XP level 4. HP: 28/33 MP: 7/7
  1673 | D:3      | Killed from afar by an orc priest

Action                   |  1- 3 |  4- 6 || total
-------------------------+-------+-------++-------
Melee: Spear             |   143 |    10 ||   153
  Use: Scroll            |     2 |       ||     2
 Stab: Sleeping          |     1 |       ||     1
  Eat: Chunk             |    17 |       ||    17
